[Event "*** Titled Tuesday Blitz"]
[Site "Chess.com"]
[Date "2019.10.01"]
[Round "5"]
[White "HanSchut"]
[Black "cukus"]
[Result "1-0"]
[WhiteElo "2226"]
[BlackElo "2461"]
[TimeControl "180+2"]
[EndTime "14:11:05 PDT"]
[Termination "HanSchut won by resignation"]

1. e4 e5 2. Nf3 Nf6 3. Nxe5 d6 4. Nf3 Nxe4 5. Nc3 Nxc3 6. dxc3 Be7 7. Be3 O-O 8. Qd2 Nd7 9. O-O-O Nf6 10. Kb1 c5 11. h4 d5 12. Bg5 Be6 13. g4 Bxg4 14. Be2 Ne4 15. Qf4 Nxf2 16. Rhg1 Bxf3 17. Bxf3 Nxd1 18. Bh6 Bf6 19. Bxg7 Nxc3+ 20. Ka1 Bg5 21. Rxg5 f5 22. Bf6+ Kf7 23. Bxd8 Raxd8 24. bxc3 Ke7 25. Qe5+ Kd7 26. Qxd5+ Ke7 27. Qe5+ Kd7 28. Rg7+ 1-0

[Event "*** Titled Tuesday Blitz"]
[Site "Chess.com"]
[Date "2019.10.01"]
[Round "5"]
[White "MasterKroket"]
[Black "MathiasWomacka"]
[Result "0-1"]
[WhiteElo "2425"]
[BlackElo "2283"]
[TimeControl "180+2"]
[EndTime "14:11:12 PDT"]
[Termination "MathiasWomacka won by resignation"]

1. d4 Nf6 2. c4 e6 3. Nf3 Bb4+ 4. Bd2 Qe7 5. g3 Bxd2+ 6. Nbxd2 d6 7. Bg2 e5 8. e3 O-O 9. Qc2 Bg4 10. O-O c5 11. b4 cxb4 12. a3 bxa3 13. Rfb1 Nc6 14. Rxa3 Rfc8 15. Qb2 b6 16. h3 Bf5 17. Rba1 h6 18. c5 dxc5 19. Nxe5 Nxe5 20. dxe5 Ne8 21. Bxa8 Rxa8 22. g4 Be6 23. e4 h5 24. Rg3 hxg4 25.
hxg4 Rd8 26. Nf1 Rd4 27. Qe2 a5 28. f4 a4 29. f5 Bb3 30. Nd2 Qxe5 31. Nf3 Qxg3+ 32.
Kf1 0-1

[Event "*** Titled Tuesday Blitz"]
[Site "Chess.com"]
[Date "2019.10.01"]
[Round "5"]
[White "beccrajoy"]
[Black "colegiodemadrid"]
[Result "0-1"]
[WhiteElo "1774"]
[BlackElo "2347"]
[TimeControl "180+2"]
[EndTime "14:11:12 PDT"]
[Termination "colegiodemadrid won by resignation"]

1. e4 c5 2. Nf3 e6 3. d4 cxd4 4.
Nxd4 Nf6 5. Nc3 d6 6. Bg5 h6 7. Bh4 Be7 8. f4 Nxe4 9. Bxe7 Nxc3 10. Bxd8 Nxd1 11. Bh4 Nxb2 12. Bb5+ Bd7 13. Bxd7+ Nxd7 14. Rb1 Nc4 15. Rxb7 Rb8 16. Rxb8+ Nxb8 17. O-O Kd7 18. Rb1 Nb6 19. a4 Nc6 20. Nxc6 Kxc6 21. a5 Nc4 22. a6 Nb6 23. Bf2 Rb8 24. Kf1 d5 25. Ke2 f6 26.
Kd3 Kc7 27. g4 Nd7 28. Re1 Kd6 29. Bxa7 Ra8 30. Be3 Rxa6 31. g5 hxg5 32. fxg5 e5 33. gxf6 gxf6 34. Bd2 Ra3+ 35. Ke2 Rh3 36. Bb4+ Ke6 37.
Rh1 f5 38. Be1 f4 39. Kd2 e4 40. Ke2 Ne5 41. Bb4 Nc4 42. Kf2 Kf5 43. Kg2 Rh5 44. Bc5 e3 45. Kf3 Nd2+ 46. Ke2 Ne4 47. Bxe3 fxe3 48.
Kxe3 Ke5 49. h4 d4+ 50. Kd3 Nf2+ 51. Kc4 Nxh1 0-1

[Event "*** Titled Tuesday Blitz"]
[Site "Chess.com"]
[Date "2019.10.01"]
[Round "5"]
[White "biostatistician"]
[Black "NiranjanNavalgund"]
[Result "0-1"]
[WhiteElo "2574"]
[BlackElo "2433"]
[TimeControl "180+2"]
[EndTime "14:11:14 PDT"]
[Termination "NiranjanNavalgund won on time"]

1. d4 Nf6 2. Nf3 e6 3. c4 d5 4. Bg5 Bb4+ 5. Nc3 h6 6. Bxf6 Qxf6 7. e3 O-O 8. Bd3 dxc4 9. Bxc4 c5 10. O-O cxd4 11.
exd4 b6 12. Qe2 Bb7 13. Ne4 Qe7 14. Rad1 Nc6 15. a3 Bd6 16. Rfe1 Rad8 17. Bd3 Bb8 18. Bb1 Qc7 19. Qd3 f5 20. Ng3 Rfe8 21. Ba2 Kh8 22. Bxe6 f4 23. Nh5 Rxe6 24. Rxe6 Qf7 25. Qg6 Qxg6 26.
Rxg6 Rd7 27. Re6 Kh7 28. b4 Nd8 29. Re8 Kg6 30. Ne5+ Bxe5 31. Rxe5 f3 32. g4 Nf7 33. Nf4+ Kh7 0-1

[Event "*** Titled Tuesday Blitz"]
[Site "Chess.com"]
[Date "2019.10.01"]
[Round "5"]
[White "SlavenPastar"]
[Black "j_coca"]
[Result "1-0"]
[WhiteElo "2422"]
[BlackElo "2103"]
[TimeControl "180+2"]
[EndTime "14:11:15 PDT"]
[Termination "SlavenPastar won by resignation"]

1. d4 g6 2. c4 Bg7 3. Nc3 d6 4. e4 Nc6 5. Be3 e5 6. Nf3 Bg4 7. dxe5 Nxe5 8. Be2 Bxf3 9. gxf3 Ne7 10. f4 N5c6 11. h4 f5 12. h5 Qd7 13. hxg6 hxg6 14. Rxh8+ Bxh8 15. exf5 Nxf5 16. Bg4 Bxc3+ 17. bxc3 O-O-O 18. Qa4 Re8 19. O-O-O a6 20. c5 d5 21. Qb3 Rd8 22.
Qc2 Kb8 23. Kb2 Qe6 24. Bd4 Re8 25. Rh1 Qe4 26. Qxe4 Rxe4 27. Bxf5 gxf5 28. Be3 d4 29.
cxd4 Nxd4 30. Rh8+ Ka7 31. c6 bxc6 32. Rd8 c5 33. Rd5 Kb6 34. Kc3 Nb5+ 35. Kd3 c6 36. Rxf5 Ra4 37. Bxc5+ Kc7 38. Rf7+ Kd8 39. a3 Nxa3 40.
Bxa3 Rxa3+ 41. Kc4 Rf3 42. Kc5 Rxf4 43. Rxf4 1-0

[Event "*** Titled Tuesday Blitz"]
[Site "Chess.com"]
[Date "2019.10.01"]
[Round "5"]
[White "kacprekt"]
[Black "Chigorinetz"]
[Result "1-0"]
[WhiteElo "2409"]
[BlackElo "2528"]
[TimeControl "180+2"]
[EndTime "14:11:17 PDT"]
[Termination "kacprekt won on time"]

1. d4 d5 2. c4 Nc6 3. Nf3 Bg4 4. Nc3 e6 5. Qa4 Bxf3 6. gxf3 Bb4 7. a3 Bxc3+ 8. bxc3 Ne7 9. Rg1 O-O 10. cxd5 exd5 11. h4 Re8 12. h5 Qd6 13. Rg4 Qh2 14. h6 g6 15. Bf4 Qh5 16. O-O-O b5 17. Qc2 a5 18.
Bg2 b4 19. Rg5 Qh4 20. e3 bxa3 21. Rh1 Qxh1+ 22. Bxh1 Reb8 23. Qa2 a4 24. Bxc7 Rb3 25. Bd6 Rc8 26. Bxa3 Nxd4 27. Bxe7 Rbxc3+ 28. Kd2 Nb3+ 29. Ke1 Rc1+ 30. Ke2 R8c2+ 31. Qxc2 Rxc2+ 32. Kd3 Rxf2 33. Rxd5 Rd2+ 34. Ke4 1-0

[Event "*** Titled Tuesday Blitz"]
[Site "Chess.com"]
[Date "2019.10.01"]
[Round "5"]
[White "Roman_Ovetchkin"]
[Black "kreonx"]
[Result "1-0"]
[WhiteElo "2663"]
[BlackElo "2229"]
[TimeControl "180+2"]
[EndTime "14:11:19 PDT"]
[Termination "Roman_Ovetchkin won by checkmate"]

1. d4 f5 2. c4 Nf6 3. Nc3 d6 4.
Nf3 g6 5. g3 Bg7 6. Bg2 O-O 7.
O-O Qe8 8. Nd5 Nxd5 9. cxd5 Nd7 10. Ng5 Nb6 11. a4 h6 12. Ne6 Bxe6 13. dxe6 c6 14. Qb3 Bxd4 15. a5 Nd5 16. Bxh6 Rf6 17. Rfd1 Bc5 18. Bg5 Rf8 19. Bxd5 cxd5 20. Qxd5 Rb8 21. b3 Qd8 22. Ra4 a6 23. Rh4 b6 24. b4 Bxf2+ 25. Kxf2 bxa5 26. bxa5 Rb5 27. Qd4 Re5 28.
Bf4 Rxe6 29. Qc4 Qc8 30. Rc1 Qxc4 31. Rxc4 Rb8 32. Rc6 Rb2 33. Be3 Rb3 34. Bd4 Ra3 35. Rc8+ Kf7 36. Rh7# 1-0

[Event "*** Titled Tuesday Blitz"]
[Site "Chess.com"]
[Date "2019.10.01"]
[Round "5"]
[White "LazarusChess92"]
[Black "ShadowJolteon"]
[Result "1/2-1/2"]
[WhiteElo "2531"]
[BlackElo "2357"]
[TimeControl "180+2"]
[EndTime "14:11:20 PDT"]
[Termination "Game drawn by repetition"]

1. d4 Nf6 2. c4 e6 3. Nf3 b6 4. g3 Bb7 5. Bg2 Be7 6. O-O O-O 7. d5 exd5 8. Nh4 c6 9. cxd5 Nxd5 10. Nf5 Bf6 11. e4 Nc7 12. Nd6 Ba6 13. Re1 Ne8 14. e5 Nxd6 15. exf6 Qxf6 16. Nc3 Nb7 17. Ne4 Qg6 18.
h4 d5 19. h5 Qf5 20. h6 dxe4 21. Bxe4 Qd7 22. Qc2 f5 23. Bf3 Bd3 24. Qb3+ Rf7 25. Bf4 Nc5 26. Qc3 Ne4 27. Bxe4 fxe4 28. Rad1 Rxf4 29. gxf4 Qg4+ 30. Kh1 Qh3+ 31. Kg1 Qg4+ 32. Kh1 Qf3+ 33. Kg1 Qg4+ 1/2-1/2

[Event "*** Titled Tuesday Blitz"]
[Site "Chess.com"]
[Date "2019.10.01"]
[Round "5"]
[White "TheLancer"]
[Black "TrenerChos"]
[Result "1-0"]
[WhiteElo "2564"]
[BlackElo "2408"]
[TimeControl "180+2"]
[EndTime "14:11:22 PDT"]
[Termination "TheLancer won by checkmate"]

1. e4 d5 2. exd5 Nf6 3. d4 Qxd5 4.
c4 Qe4+ 5. Ne2 e5 6. Nc3 Bb4 7.
Bd2 Bxc3 8. Bxc3 Nc6 9. dxe5 Nxe5 10. Qd4 Nd3+ 11. Kd2 Bf5 12. f3 Qe7 13. Ng3 Bg6 14. Bxd3 Rd8 15. Rae1 Ne4+ 16. Rxe4 Bxe4 17. Qxe4 Qxe4 18.
Nxe4 O-O 19. Kc2 b6 20. c5 Rd5 21. Bc4 Rdd8 22. b4 h6 23. Be5 Rd7 24. Rd1 Re7 25. Bg3 Kh8 26. c6 f5 27. Nc3 f4 28.
Bf2 Re5 29. Rd7 Rg5 30. g4 fxg3 31. Bxg3 Rxf3 32. Rxc7 b5 33. Rc8+ Kh7 34. Bd3+ g6 35. c7 Rf7 36. Rh8+ Kxh8 37. c8=Q+ Kh7 38. Qe6 Rb7 39. Nd5 Rxd5 40. Qxd5 Re7 41. Qd6 Rg7 42. Be5 a5 43. Bxg7 Kxg7 44. Qe7+ Kg8 45. Bxg6 axb4 46. Qf7+ Kh8 47. Qh7# 1-0

[Event "*** Titled Tuesday Blitz"]
[Site "Chess.com"]
[Date "2019.10.01"]
[Round "5"]
[White "Siemba"]
[Black "Oleg_Papayan"]
[Result "1-0"]
[WhiteElo "2247"]
[BlackElo "2417"]
[TimeControl "180+2"]
[EndTime "14:11:30 PDT"]
[Termination "Siemba won on time"]

1. e4 Nf6 2. e5 Nd5 3. b3 g6 4. Bb2 Bg7 5. c4 Nb6 6. f4 d6 7.
Nf3 Bg4 8. Be2 Nc6 9. d4 d5 10. O-O e6 11. Nbd2 O-O 12. h3 Bxf3 13. Nxf3 a5 14. g4 a4 15. f5 exf5 16. gxf5 Bf6 17. exf6 gxf5 18. Ne5 Qxf6 19. Bd3 Ne7 20. Qh5 Kh8 21.
Kh1 Rg8 22. Nxf7+ Kg7 23. Rg1+ Ng6 24. Ne5 axb3 25. axb3 Rxa1 26. Bxa1 Ra8 27. Bxf5 Rxa1 28. Rxa1 dxc4 29. Rg1 cxb3 30. Bxg6 1-0

[Event "*** Titled Tuesday Blitz"]
[Site "Chess.com"]
[Date "2019.10.01"]
[Round "5"]
[White "ExploringChess"]
[Black "adriangschnitzer"]
[Result "1-0"]
[WhiteElo "2886"]
[BlackElo "2539"]
[TimeControl "180+2"]
[EndTime "14:11:35 PDT"]
[Termination "ExploringChess won on time"]

1. e4 c5 2. Nf3 Nc6 3. Bb5 g6 4. Bxc6 bxc6 5. O-O Bg7 6. Re1 Nh6 7. h3 O-O 8. c3 f5 9. e5 Nf7 10. d4 cxd4 11.
cxd4 c5 12. dxc5 e6 13. Nbd2 Rb8 14. Nc4 Bb7 15. b3 Qc7 16. Bb2 g5 17. Bd4 g4 18.
hxg4 fxg4 19. Nfd2 h5 20. Ne4 Nxe5 21. Ncd6 Bd5 22.
Qd2 Qd8 23. Qc3 Rf3 24. Re3 Rxe3 25. fxe3 Qh4 26. Bxe5 g3 27. Nxg3 Qxg3 28. Bxg3 Bxc3 29. Rd1 Rf8 30. e4 Bc6 31. Nc4 Bxe4 32. Rxd7 Bd5 33. Be5 1-0

[Event "*** Titled Tuesday Blitz"]
[Site "Chess.com"]
[Date "2019.10.01"]
[Round "5"]
[White "Grebeniuk-S"]
[Black "nitpicker"]
[Result "1-0"]
[WhiteElo "2483"]
[BlackElo "2264"]
[TimeControl "180+2"]
[EndTime "14:11:35 PDT"]
[Termination "Grebeniuk-S won on time"]

1. d4 Nf6 2. Nf3 b6 3. e3 e6 4. Nbd2 Bb7 5. Bd3 d6 6. O-O Nbd7 7. b3 g6 8. Bb2 Bg7 9. c4 O-O 10. Rc1 c5 11. Qe2 Re8 12. Rfd1 Qe7 13. Bb1 h5 14. h3 Nf8 15. e4 cxd4 16. Nxd4 a6 17. Nf1 N8d7 18. Ne3 Nxe4 19. Ba3 Red8 20. Qe1 Ndf6 21. f3 Nc5 22. Qg3 Bh6 23. Re1 e5 24. Ndf5 Qf8 25.
Nxh6+ Qxh6 26. Rcd1 Rd7 27. Bc1 Qg7 28. Bb2 Ne6 29. Rd2 Nf4 30. Red1 Rad8 31. Qf2 b5 32.
Kh2 bxc4 33. Nxc4 Ne8 34. Nxe5 dxe5 35. Rxd7 Rxd7 36. Rxd7 Bc8 37. Rd8 1-0

[Event "*** Titled Tuesday Blitz"]
[Site "Chess.com"]
[Date "2019.10.01"]
[Round "5"]
[White "Grandmaster1369"]
[Black "DanielNaroditsky"]
[Result "0-1"]
[WhiteElo "2677"]
[BlackElo "3023"]
[TimeControl "180+2"]
[EndTime "14:11:36 PDT"]
[Termination "DanielNaroditsky won by resignation"]

1. e4 e5 2. Nc3 Nf6 3. Bc4 Bc5 4. d3 c6 5. Bb3 d6 6. Nf3 Bb6 7. h3 Be6 8. O-O h6 9. Be3 O-O 10. Ne2 Nbd7 11. c3 d5 12. exd5 Nxd5 13. Bxb6 axb6 14. Re1 Qf6 15. Ng3 Nf4 16. d4 Bxb3 17. Qxb3 Nxh3+ 18. gxh3 Qxf3 19. dxe5 Nc5 20. Qxb6 Nd3 21. Re2 Nf4 22. Kf1 Qg2+ 23. Ke1 Rad8 24. Rd2 Qg1+ 25. Nf1 Rde8 26. Qd4 Nxh3 27. Re2 Ng5 28. Re3 f6 29. e6 Rxe6 30. Qc4 Re8 31. f4 Kh8 32. Rxe6 Rxe6+ 33. Kd2 Qf2+ 34.
Kd3 Qe2+ 0-1

[Event "*** Titled Tuesday Blitz"]
[Site "Chess.com"]
[Date "2019.10.01"]
[Round "5"]
[White "patrisiii123"]
[Black "DeGrootteZ"]
[Result "1-0"]
[WhiteElo "2498"]
[BlackElo "2657"]
[TimeControl "180+2"]
[EndTime "14:11:37 PDT"]
[Termination "patrisiii123 won by resignation"]

1. e4 c5 2. Nf3 d6 3. d4 cxd4 4. Nxd4 Nf6 5. Nc3 a6 6. Be2 e5 7. Nb3 Be7 8. O-O O-O 9. Be3 Be6 10. f3 Nbd7 11. Nd5 Bxd5 12. exd5 Ne8 13. c4 Bg5 14.
Bxg5 Qxg5 15. Qd2 Qxd2 16. Nxd2 f5 17. b4 Nc7 18. Bd3 b6 19. Rfe1 g6 20. Nb3 Kg7 21. a4 a5 22. bxa5 bxa5 23. Rec1 Na6 24. Nxa5 Nac5 25. Nc6 Nxd3 26. Rc3 N7c5 27. a5 Ra6 28. Rb1 e4 29. Rb5 e3 30. Kf1 Re8 31. Nd4 Re7 32. g3 f4 33. Ke2 fxg3 34. hxg3 Ne5 35. Rxe3 Rea7 36. Rxe5 dxe5 37. Nc6 Ne6 38. Nxa7 Nd4+ 39. Kd3 Nxb5 40. Nxb5 Rxa5 41. Ke4 Kf6 42. Nd6 Rc5 43. Kd3 h5 44. Ne4+ 1-0

[Event "*** Titled Tuesday Blitz"]
[Site "Chess.com"]
[Date "2019.10.01"]
[Round "5"]
[White "doons21"]
[Black "hypert"]
[Result "1/2-1/2"]
[WhiteElo "2605"]
[BlackElo "2436"]
[TimeControl "180+2"]
[EndTime "14:11:38 PDT"]
[Termination "Game drawn by agreement"]

1. e4 c5 2. c3 d5 3. exd5 Qxd5 4. d4 Nc6 5. Nf3 Bf5 6. Be3 Nf6 7. Qa4 cxd4 8. Nxd4 Bd7 9. Bb5 Nxd4 10. Bxd7+ Nxd7 11. Qxd4 Qxg2 12. Rf1 e5 13. Qa4 Qc6 14. Qxc6 bxc6 15. Nd2 Bc5 16. Nc4 f6 17. O-O-O Bxe3+ 18. fxe3 Ke7 19.
Rg1 g6 20. Rd6 Rac8 21. Rgd1 Rc7 22. Na5 Nb8 23. c4 Rhc8 24. b4 Rd7 25. c5 Rcd8 26. Rxd7+ Rxd7 27. Re1 g5 28. Kc2 h5 29. Kc3 Ke6 30.
e4 g4 31. a4 a6 32. Nc4 h4 33. Ne3 g3 34. hxg3 hxg3 35. Rg1 Rd4 36. Rxg3 a5 37. bxa5 Rxa4 38. Nc4 Na6 39. Rg7 Nxc5 40. Rc7 Nxe4+ 41. Kb3 Nc5+ 42. Kc3 1/2-1/2

[Event "*** Titled Tuesday Blitz"]
[Site "Chess.com"]
[Date "2019.10.01"]
[Round "5"]
[White "ChessBitl"]
[Black "Sjakkerntobi"]
[Result "1/2-1/2"]
[WhiteElo "2299"]
[BlackElo "2039"]
[TimeControl "180+2"]
[EndTime "14:11:39 PDT"]
[Termination "Game drawn by repetition"]

1. e4 Nc6 2. Nf3 e6 3. d4 d5 4. e5 f6 5. Bb5 Bd7 6. O-O fxe5 7.
Bxc6 Bxc6 8. Nxe5 Nf6 9. Bg5 Be7 10. Nd2 O-O 11. Re1 Be8 12. Ndf3 Bh5 13. Qd3 Ne4 14.
Bxe7 Qxe7 15. Rf1 Rae8 16. Rae1 Rf6 17. Nd2 Nxd2 18. Qxd2 Ref8 19. f4 c5 20. c3 Bg6 21. Nxg6 hxg6 22. g3 Qd6 23. Re5 Rf5 24. Rfe1 Rxe5 25. Rxe5 Rf5 26. Re1 Kf7 27. dxc5 Qxc5+ 28. Qe3 Qxe3+ 29. Rxe3 Ke7 30. Kf2 g5 31. Re5 Kf6 32.
Rxf5+ Kxf5 33. Kf3 gxf4 34. gxf4 Kf6 35. Kg4 Kg6 36.
h4 Kf6 37. h5 b6 38. b3 a6 39. b4 Ke7 40. Kh4 Kf6 41. Kg4 Ke7 42. Kg3 Kf6 43.
Kg4 1/2-1/2

[Event "*** Titled Tuesday Blitz"]
[Site "Chess.com"]
[Date "2019.10.01"]
[Round "5"]
[White "oskariot"]
[Black "dopolian"]
[Result "0-1"]
[WhiteElo "2686"]
[BlackElo "2348"]
[TimeControl "180+2"]
[EndTime "14:11:43 PDT"]
[Termination "dopolian won by checkmate"]

1. e4 e5 2. Nf3 Nc6 3. Nc3 Nf6 4. a3 d6 5. d4 exd4 6. Nxd4 g6 7. Bc4 Bg7 8. O-O O-O 9. Nxc6 bxc6 10. Re1 Re8 11.
Rb1 Nd7 12. Be3 c5 13. Bxf7+ Kxf7 14. Qd5+ Kf8 15. Qxa8 Nb6 16. Qxa7 c6 17. Rbd1 Nc4 18. Bxc5 Re7 19. Qb8 Rb7 20. Bxd6+ Kg8 21. Be7 Qe8 22.
Qxc8 Qxc8 23. Rd8+ Qxd8 24. Bxd8 Rxb2 25. Na4 Rxc2 26.
Bh4 Nxa3 27. h3 Nc4 28. Nc5 Kf7 29. e5 Nxe5 30. Ne4 h6 31. Bg3 Nd3 32. Nd6+ Kg8 33.
Re8+ Kh7 34. Re7 Kg8 35. Ne8 Bd4 36. Rd7 c5 37. Nc7 Rc1+ 38. Kh2 Nxf2 39. Ne6 Rh1# 0-1

[Event "*** Titled Tuesday Blitz"]
[Site "Chess.com"]
[Date "2019.10.01"]
[Round "5"]
[White "Leonid_Starozhilov"]
[Black "Mikhail_Golubev"]
[Result "1/2-1/2"]
[WhiteElo "2673"]
[BlackElo "2499"]
[TimeControl "180+2"]
[EndTime "14:11:44 PDT"]
[Termination "Game drawn by repetition"]

1. Nf3 d6 2. e4 c5 3. Bb5+ Bd7 4. Bxd7+ Nxd7 5. O-O Ngf6 6. Re1 e6 7. d3 g6 8. b3 Bg7 9. Bb2 O-O 10. Nbd2 Qe7 11. e5 dxe5 12. Nxe5 Nxe5 13. Bxe5 Nd5 14. Bxg7 Kxg7 15. Nc4 Rad8 16. a4 Qf6 17. Qe2 h5 18.
Qe5 Qxe5 19. Nxe5 Nb4 20. Re2 b6 21. Rae1 Rd5 22. f4 Rb8 23. g3 a6 24. Kf2 b5 25.
axb5 axb5 26. Ra1 Rb7 27. Ra5 Rd6 28. h3 Nc6 29. Ra6 Rc7 30. Rb6 b4 31. Nxc6 Rdxc6 32. Rb5 Ra6 33. Re5 Ra2 34. Re2 Ra1 35. g4 h4 36. g5 Rh1 37. Kg2 Rc1 38. Kf3 Rh1 39.
Kg2 Rc1 40. Kf3 Rh1 41. Kg2 1/2-1/2

[Event "*** Titled Tuesday Blitz"]
[Site "Chess.com"]
[Date "2019.10.01"]
[Round "5"]
[White "IMRosen"]
[Black "vova-79"]
[Result "0-1"]
[WhiteElo "2622"]
[BlackElo "2461"]
[TimeControl "180+2"]
[EndTime "14:11:44 PDT"]
[Termination "vova-79 won on time"]

1. e4 e6 2. Nf3 d5 3. e5 c5 4. b4 b6 5. Bb2 Ba6 6. Bxa6 Nxa6 7. c3 Qd7 8. a3 Nh6 9. d4 Be7 10. O-O O-O 11. Nbd2 cxd4 12. cxd4 Rfc8 13. Nb3 Rc7 14. Qd3 Qa4 15. b5 Nb8 16. Rfc1 Rxc1+ 17. Rxc1 Nd7 18.
Rc7 Rd8 19. Nbd2 f6 20. h3 fxe5 21. Nxe5 Nxe5 22. dxe5 Qd1+ 23. Kh2 Bg5 24. Qg3 Qxd2 25. Bc1 Qxc1 26. Rxc1 Bxc1 27. Qc3 Bg5 28. h4 Bxh4 29. Qh3 Nf5 30. g4 Bxf2 31. gxf5 Bd4 32. fxe6 Bxe5+ 33. Kg2 Bf6 34. Qh5 g6 35. Qf3 Kg7 36. Qf4 Re8 37.
Qd6 d4 38. Kf3 h5 39. Ke4 h4 40. Kd5 Rd8 0-1

[Event "*** Titled Tuesday Blitz"]
[Site "Chess.com"]
[Date "2019.10.01"]
[Round "5"]
[White "Bigfish1995"]
[Black "severomorskij"]
[Result "1-0"]
[WhiteElo "2995"]
[BlackElo "2838"]
[TimeControl "180+2"]
[EndTime "14:11:45 PDT"]
[Termination "Bigfish1995 won on time"]

1. e4 c5 2. Nf3 Nc6 3. d4 cxd4 4.
Nxd4 Nf6 5. Nc3 e5 6. Ndb5 d6 7.
Nd5 Nxd5 8. exd5 Nb8 9. a4 Be7 10. Be3 O-O 11. a5 Nd7 12. Bxa7 f5 13. Bc4 Kh8 14.
Qd2 e4 15. Bd4 Ne5 16. Bxe5 dxe5 17. d6 Bg5 18. Qb4 e3 19. Nc7 exf2+ 20. Kxf2 Bh4+ 21. g3 f4 22. gxh4 Qxh4+ 23. Ke2 f3+ 24. Kd2 Qf4+ 25. Kc3 Bf5 26. Nxa8 Qe3+ 27. Bd3 Rc8+ 28. Nc7 Bxd3 29. cxd3 f2 30. Rhf1 h6 31. Rac1 Rd8 32. Rc2 e4 33. Qd4 1-0

[Event "*** Titled Tuesday Blitz"]
[Site "Chess.com"]
[Date "2019.10.01"]
[Round "5"]
[White "sandropozo"]
[Black "eljanov"]
[Result "0-1"]
[WhiteElo "2616"]
[BlackElo "2788"]
[TimeControl "180+2"]
[EndTime "14:11:47 PDT"]
[Termination "eljanov won on time"]

1. d4 Nf6 2. Nf3 e6 3. Bf4 c5 4. e3 cxd4 5. exd4 b6 6. Bd3 Bb7 7. Nbd2 Be7 8. h3 O-O 9. O-O d6 10. a4 a6 11. Re1 Nbd7 12. Bh2 Qc7 13. c3 h6 14. Qe2 Rfe8 15. Nc4 Bc6 16. Ne3 Qb7 17.
Nd2 b5 18. axb5 axb5 19. c4 bxc4 20. Ndxc4 d5 21. Ne5 Nxe5 22. Bxe5 Nd7 23. Rxa8 Rxa8 24. Bf4 Bf6 25. Ng4 Bxd4 26. Bxh6 Qxb2 27. Qf3 Ra1 28. Rxa1 Qxa1+ 29. Kh2 Ne5 30. Qg3 Nxg4+ 31. Qxg4 Bxf2 32. Bf1 Bd4 33. Bd3 Qg1+ 34. Kg3 Qf2+ 35. Kh2 Be5+ 0-1

[Event "*** Titled Tuesday Blitz"]
[Site "Chess.com"]
[Date "2019.10.01"]
[Round "5"]
[White "Quaritch79"]
[Black "maxip32"]
[Result "1-0"]
[WhiteElo "2306"]
[BlackElo "2483"]
[TimeControl "180+2"]
[EndTime "14:12:00 PDT"]
[Termination "Quaritch79 won by resignation"]

1. e4 c5 2. Nf3 d6 3. d4 cxd4 4. Nxd4 Nf6 5. Nc3 a6 6. Bg5 e6 7. f4 Nbd7 8. Qf3 h6 9. Bh4 e5 10. fxe5 Nxe5 11. Qd1 Be7 12. Be2 Nxe4 13. Bxe7 Nxc3 14.
Bxd8 Nxd1 15. Bc7 Nxb2 16. Bxd6 Nbc4 17. Bb4 Bd7 18. O-O f6 19. Bh5+ Kd8 20. Rfd1 Kc7 21. Nf3 Nxf3+ 22. Bxf3 Bc6 23. Rd4 b5 24. Rg4 g5 25. Bxc6 Kxc6 26. Rf1 Rhf8 27. Bxf8 Rxf8 28. Re4 Kd5 29. Re7 f5 30. Rd1+ Kc5 31. Ra7 a5 32. c3 f4 33. Rc7+ Kb6 34. Rh7 Rf6 35. Rdd7 f3 36. gxf3 Ne5 37. Rb7+ Kc5 38. Rhc7+ Rc6 39.
Rxc6+ Kxc6 40. Rh7 Nxf3+ 41. Kf2 Nd2 42. Rxh6+ Kc5 43.
Rg6 Kc4 44. Ke2 Ne4 45. Ke3 Nxc3 46. Rxg5 Nxa2 47. h4 a4 48. Kd2 a3 49. Kc2 Nb4+ 50.
Kb1 Nd3 51. h5 b4 52. h6 b3 53. h7 a2+ 54. Ka1 Ne1 55. Rg4+ Kb5 56. Kb2 Nd3+ 57.
Ka1 Ne1 58. Rg1 Nf3 59. Rd1 1-0

[Event "*** Titled Tuesday Blitz"]
[Site "Chess.com"]
[Date "2019.10.01"]
[Round "5"]
[White "Casablanca"]
[Black "13MiRacLe"]
[Result "1/2-1/2"]
[WhiteElo "2197"]
[BlackElo "2501"]
[TimeControl "180+2"]
[EndTime "14:12:01 PDT"]
[Termination "Game drawn - insufficient material"]

1. c4 e5 2. g3 Nf6 3. Bg2 d5 4. cxd5 Nxd5 5. Nc3 Nb6 6. Nf3 Nc6 7. O-O Be7 8. d3 O-O 9. Be3 Re8 10. a3 Bf8 11.
Rc1 Nd4 12. Na4 Bg4 13. Nxb6 Bxf3 14. Bxf3 Nxf3+ 15. exf3 axb6 16. d4 exd4 17. Qxd4 Qxd4 18. Bxd4 Bd6 19. Rfe1 b5 20. Kf1 f6 21. Bc5 Bxc5 22. Rxc5 c6 23. Rc3 Rxe1+ 24. Kxe1 Kf7 25. Kd2 Ra4 26. Rd3 Ke7 27. Kc3 Rc4+ 28. Kd2 Rc5 29.
h4 h5 30. g4 hxg4 31. fxg4 b4 32. axb4 Rc4 33. f3 Rxb4 34. Kc3 Rf4 35. Kd2 Ke6 36.
Ke3 Rb4 37. b3 c5 38. f4 b5 39. Rc3 Kd5 40. Rd3+ Kc6 41. Rc3 Rd4 42. h5 Kd5 43. Rd3 Rxd3+ 44. Kxd3 c4+ 45. bxc4+ bxc4+ 46. Kc3 Ke4 47. g5 fxg5 48. fxg5 Kf5 49. h6 gxh6 50. gxh6 Kg6 51. h7 Kxh7 52. Kd4 c3 53. Kxc3 1/2-1/2

[Event "*** Titled Tuesday Blitz"]
[Site "Chess.com"]
[Date "2019.10.01"]
[Round "5"]
[White "TheFireChess"]
[Black "tteshan"]
[Result "1-0"]
[WhiteElo "2513"]
[BlackElo "2258"]
[TimeControl "180+2"]
[EndTime "14:12:03 PDT"]
[Termination "TheFireChess won by resignation"]

1. e4 c5 2. c3 Nf6 3. e5 Nd5 4. Nf3 Nc6 5. Bc4 Nb6 6. Bb3 d6 7. exd6 Qxd6 8. O-O c4 9. Bc2 Bg4 10. h3 Bh5 11. Re1 O-O-O 12. b3 e5 13. Na3 cxb3 14. axb3 Kb8 15. Be4 Nd5 16. Nc4 Qc7 17. Qc2 f6 18. g4 Bg6 19. d3 Nf4 20. Bxf4 exf4 21. d4 Bxe4 22. Qxe4 h5 23. g5 fxg5 24. Nxg5 Bd6 25. Ne6 Qd7 26. Nxd8 Rxd8 27. Nxd6 Qxd6 28. Qe6 Qf8 29.
d5 Rd6 30. Qe8+ Qxe8 31. Rxe8+ Nd8 32. c4 Kc7 33. Re7+ Kb6 34. Rxg7 a6 35. Re1 Kc5 36.
Ree7 b5 37. Rc7+ Kd4 38. Rcd7 Kc5 39. Rxd6 Kxd6 40. Rg6+ Kc5 41. Rxa6 bxc4 42. bxc4 Kxc4 43. Rf6 Kxd5 44. Rxf4 Ke5 45. Rh4 1-0

[Event "*** Titled Tuesday Blitz"]
[Site "Chess.com"]
[Date "2019.10.01"]
[Round "5"]
[White "Shubinkirill2003"]
[Black "tigra"]
[Result "0-1"]
[WhiteElo "2535"]
[BlackElo "2706"]
[TimeControl "180+2"]
[EndTime "14:12:08 PDT"]
[Termination "tigra won by resignation"]

1. e4 Nf6 2. e5 Nd5 3. Nc3 Nxc3 4. bxc3 b6 5. d4 Bb7 6. f4 e6 7. Nf3 d6 8. Bd3 g6 9. O-O Bg7 10. Be3 Nc6 11. a4 O-O 12. Qd2 Rc8 13. h4 h5 14. Ng5 Ne7 15. a5 c5 16. axb6 axb6 17.
Ra7 Rc7 18. exd6 Qxd6 19. dxc5 bxc5 20. Be4 Bd5 21. Rxc7 Qxc7 22. Rd1 Qb7 23. Bxc5 Bxe4 24. Bxe7 Rc8 25. Qd8+ Bf8 26. Bxf8 Rxd8 27. Rxd8 Qb6+ 28. Rd4 f6 29. Nxe4 e5 30. fxe5 fxe5 31. Bc5 Qb1+ 32.
Kh2 exd4 33. Bxd4 Qxc2 34. Ng3 Kf7 35. Be3 Qxc3 36. Bg5 Qe5 37. Kh3 Ke6 38. Kh2 Kd5 39.
Kh3 Kc4 40. Kh2 Kd3 41. Bc1 Qe6 42. Bg5 Qg4 43. Bd8 Ke3 44. Bb6+ Kd2 45. Bd8 Ke1 46.
Ba5+ Kd1 47. Bd8 Qf4 48. Be7 Ke1 49. Bd8 Qe5 50. Bb6 g5 51. hxg5 h4 0-1

[Event "*** Titled Tuesday Blitz"]
[Site "Chess.com"]
[Date "2019.10.01"]
[Round "5"]
[White "chessdjw"]
[Black "Spalir"]
[Result "1-0"]
[WhiteElo "2651"]
[BlackElo "2812"]
[TimeControl "180+2"]
[EndTime "14:12:18 PDT"]
[Termination "chessdjw won by resignation"]

1. c4 c6 2. Nf3 d5 3. e3 Nf6 4.
Nc3 e6 5. b3 Nbd7 6. Bb2 Bd6 7.
Qc2 O-O 8. Rg1 e5 9. g4 e4 10. Nd4 Ne5 11. g5 Nfg4 12. h3 Nh2 13. O-O-O Nxf1 14. Rdxf1 Nd3+ 15. Kb1 Be5 16. f3 Bxh3 17. fxe4 Bxf1 18.
Rxf1 Nxb2 19. exd5 Bxd4 20. Rh1 g6 21. exd4 Qxg5 22.
Kxb2 h5 23. d6 Rae8 24. c5 Qg2 25. Rh4 Qg5 26. Rh3 Qg4 27. Qd3 h4 28. d5 Re5 29.
dxc6 bxc6 30. a3 Rxc5 31. Re3 Qf5 32. Qd4 Rd5 33. Nxd5 cxd5 34. Qxh4 g5 35. Qd4 Rd8 36. Re5 Qg6 37. Rxd5 Rd7 38. a4 g4 39. Qf4 f6 40.
Qe3 g3 41. Qe6+ Qf7 42. Qg4+ Qg7 43. Qe6+ Kf8 44. Rc5 Rd8 45. Rc7 Re8 46. Qxe8+ Kxe8 47. Rxg7 1-0